Description

eco

Replay - Thetawaves v Tunechi - Port Aleksander LE

Build Order

Get SALT Encoding   

  12  0:00  Probe  
  13  0:12  Probe  
  14  0:17  Pylon  
  14  0:25  Probe  
  15  0:37  Probe  
  15  0:38  Gateway  
  16  0:49  Probe  
  17  0:50  Assimilator  
  17  1:01  Probe  
  18  1:17  Nexus  
  18  1:20  Probe  
  19  1:30  Cybernetics Core  
  19  1:34  Probe  
  19  1:38  Assimilator  
  20  1:46  Probe  
  21  1:49  Pylon  
  21  1:54  Probe  
  21  1:57  Adept  
  25  2:11  Robotics Facility  
  26  2:27  Stalker  
  33  2:44  Warp Gate  
  35  2:57  Stalker  
  38  2:59  Observer  
  42  3:20  Observer  
  42  3:22  Nexus  
  45  3:28  Pylon  
  46  3:39  Assimilator  
  46  3:46  Observer  
  46  3:47  Pylon  
  49  3:52  Gateway x2  
  51  4:10  Observer  
  51  4:16  Observer  
  54  4:22  Twilight Council  
  54  4:24  Gateway  
  57  4:34  Shield Battery  
  59  4:40  Sentry  
  59  4:44  Immortal  
  67  4:48  Zealot, Sentry  
  74  4:55  Shield Battery  
  74  4:56  Pylon, Charge  
  77  5:16  Stalker x2, Zealot  
  85  5:25  Gateway x2  
  85  5:31  Warp Prism  
  85  5:34  Gateway x2  
  88  5:46  Zealot x4  
  97  6:02  Forge x2  
  97  6:10  Immortal  
  97  6:13  Protoss Ground Weapons Level 1  
  97  6:14  Protoss Ground Armor Level 1  
  97  6:15  Zealot x2  
  105  6:27  Zealot x2  
  109  6:39  Nexus  
  109  6:42  Stalker x3  
  117  6:47  Stalker  
  117  6:49  Observer  
  120  7:02  Stalker x2  
  128  7:10  Shield Battery  
  128  7:11  Observer  
  129  7:16  Blink  
  131  7:22  Assimilator  
  145  7:30  Observer  
  146  7:39  Observer, Gateway x2  
  161  8:03  Immortal  
  164  8:51  Immortal  
  168  8:58  Assimilator x2  
Spawning Tool Build Advisor. Get it on Overwolf

Go to:

Details

  • Created by: ftuttle4
  • Published on: Mar 23, 2019
  • Modified on: Mar 23, 2019
  • Patch: 4.7.1
Show
View Real Time Build Order
Export as new Build Order

Comments (0)

There are no comments. Be the first!

Create an account to comment!